AoeStats
← Godo Suller

Arabia

504483810Analyzed
3v3 RM · 28d ago on Sep 5, 2026· 24m 39s· 6 players
Game mode
Random Map
Map size
Normal (6 player)
Population
200
Speed
Normal
Resources
Standard
Victory
Conquest
Starting age
Dark Age
Ending age
Imperial Age
RankedLock teamsTeams togetherTeam positionsShared explorationLock speedFull tech treeHidden civsTurbo modeCheats
Victory
Defeat
🇹🇼 Ethiopians · Taiwan
1445
+14
🇹🇼 Japanese · Taiwan
1345
+18
🇹🇼 Persians · Taiwan
1200
+22
🇦🇷 Saracens · Argentina
1410
-19
🇭🇺 Ethiopians · Hungary
1396
-19
🇦🇷 Magyars · Argentina
1332
-16
大漁哥哥
2:22 Loom
9:49 Feudal Age
12:34 Fletching
15:27 Gold Mining
16:57 Padded Archer Armor
23:53 Castle Age
23:57 Crossbowman
24:34 Bodkin Arrow
989
6:47 Loom
9:06 Feudal Age
9:19 Man-at-Arms
9:46 Double-Bit Axe
9:56 Arson
13:11 Horse Collar
17:34 Fletching
22:16 Wheelbarrow
26:03 Castle Age
羅sai
8:11 Loom
10:36 Feudal Age
16:13 Castle Age
14:54 Double-Bit Axe
15:13 Horse Collar
19:35 Scale Barding Armor
20:42 Town Watch
21:54 Husbandry
23:07 Forging
Lord San
7:12 Loom
9:37 Feudal Age
10:12 Double-Bit Axe
18:22 Fletching
20:41 Castle Age
19:38 Padded Archer Armor
19:37 Horse Collar
19:52 Gold Mining
20:48 Crossbowman
22:20 Bodkin Arrow
Godo Suller
6:17 Loom
9:12 Feudal Age
14:24 Fletching
16:07 Padded Archer Armor
23:50 Castle Age
23:55 Crossbowman
24:32 Bodkin Arrow
17Brunaska
6:47 Loom
9:14 Feudal Age
22:59 Castle Age
21:58 Scale Barding Armor
22:54 Double-Bit Axe
Connection lost

Rejoining the realm…

Still unreachable

The connection could not be restored.

Session expired

The server has moved on; the page needs a fresh start.